 Dungeon Sprint DCSS version 0.19-a0-1107-gc676ff4 (webtiles) character file.

18552 Sign the Fencer (level 12, -4/116 HPs)
             Began as a Minotaur Gladiator on Aug 9, 2016.
             Was the Champion of Cheibriados.
             Slain by a frost giant
             ... wielding a +0 battleaxe of freezing
              (9 damage)
             ... in the Dungeon (Sprint IX: "|||||||||||||||||||||||||||||").
             The game lasted 00:05:48 (1642 turns).

Sign the Fencer (Minotaur Gladiator)                Turns: 1642, Time: 00:05:48

Health: -4/116     AC: 21    Str: 40    XL:     12   Next: 28%
Magic:  1/23       EV: 27    Int: 23    God:    Cheibriados [******]
Gold:   93         SH:  0    Dex: 32    Spells: 0 memorised, 11 levels left

rFire  . . .     SeeInvis .     D - +5 falchion "Ociblal" {drain, Int+3}
rCold  . . .     Gourm    .     F - +1 shadow dragon armour
rNeg   . . .     Faith    .     (no shield)
rPois  .         Spirit   .     c - +0 hat
rElec  .         Dismiss  .     y - +1 cloak
rCorr  .         Reflect  .     G - +1 pair of gloves
SustAt .         Harm     .     (no boots)
MR     .....     NoTele   +     (no amulet)
Stlth  +++.......               r - +3 ring of dexterity
                                s - +3 ring of dexterity

@: very slow
A: retaliatory headbutt, horns 2
a: Bend Time, Temporal Distortion, Slouch, Step From Time, Renounce Religion


You were in the Dungeon.
You worshipped Cheibriados.
Cheibriados was exalted by your worship.
You were not hungry.

You visited 1 branch You collected 1953 gold pieces.
You spent 1860 gold pieces at shops.

Inventory:

Hand Weapons
 o - a +2 scimitar of holy wrath
 C - a +1 double sword
 D - the +5 falchion "Ociblal" (weapon) {drain, Int+3}
   (You found it in the Dungeon)

   A truly terrible weapon, it drains the life of those it strikes.
   It affects your intelligence (+3).
Missiles
 d - 6 throwing nets (quivered)
Armour
 c - a +0 hat (worn)
 y - a +1 cloak (worn)
 F - a +1 shadow dragon armour (worn)
 G - a +1 pair of gloves (worn)
Jewellery
 p - an uncursed ring of protection from magic
 q - an uncursed ring of protection from cold
 r - a +3 ring of dexterity (right hand)
 s - a +3 ring of dexterity (left hand)
 A - an uncursed ring of protection from fire
 B - an uncursed ring of fire
Wands
 n - a wand of iceblast (7/15)
Scrolls
 b - 2 scrolls of identify
 h - a scroll of recharging
 k - 4 scrolls of blinking
 l - 4 scrolls of remove curse
 m - 2 scrolls of amnesia
 t - 2 scrolls of enchant armour
 z - a scroll of fog
 E - a scroll of fear
Potions
 a - a potion of might
 e - 5 potions of curing
 g - 10 potions of heal wounds
 i - 4 potions of magic
 j - a potion of invisibility
 u - a potion of brilliance
 x - a potion of agility
Comestibles
 f - 12 bread rations
 v - 40 fruits
 w - 12 meat rations


   Skills:
 + Level 13.7 Fighting
 + Level 18.7 Long Blades
 - Level 2.0 Throwing
 + Level 12.5 Armour
 + Level 15.8 Dodging
 * Level 16.4 Invocations


You had 11 spell levels left.
You didn't know any spells.

Dungeon Overview and Level Annotations

Branches:
Dungeon (1/1)

Altars:
Cheibriados
Dithmenos
Elyvilon
Fedhas
Gozag
Hepliaklqana
Kikubaaqudgha
Makhleb
Nemelex Xobeh
Okawaru
Pakellas
Qazlal
Ru
Sif Muna
Trog
Uskayaw
Vehumet
Xom
Yredelemnul
Zin
The Shining One
Beogh
Jiyva
Lugonu

Shops:
D ?%*(


Innate Abilities, Weirdness & Mutations

You reflexively headbutt those who attack you in melee.
You have a pair of horns on your head.


Message History

The rakshasa is almost dead.
The rakshasa blinks!
You miss the rakshasa. You headbutt the rakshasa.
The rakshasa is almost dead.
The rakshasa completely misses you. You furiously retaliate!
You headbutt the rakshasa.
You riposte.
You closely miss the rakshasa. You headbutt the rakshasa!
You kill the rakshasa!
The rakshasa hits you with a long sword!
A centaur warrior comes into view.
The frost giant completely misses you. You furiously retaliate!
You headbutt the frost giant.
The frost giant points at you and mumbles some strange words.
The bolt of cold hits the frost giant.
The frost giant resists.
The bolt of cold hits you!
* * * LOW HITPOINT WARNING * * *
The frost giant hits you with a battleaxe of freezing!!
* * * LOW HITPOINT WARNING * * *
The frost giant freezes you!
You die...

▓.▓.▓.▓.▓.▓.▓
▓.▓.▓'▓.▓.▓.▓.▓
▓.▓.▓(▓.▓.▓.▓.▓
▓)▓.▓.▓.▓∩▓.▓c▓
▓÷▓.▓.▓.▓)▓.▓.▓
▓!▓.▓.▓.▓∩▓.▓T▓
▓.▓.▓.▓.▓)▓.▓C▓
▓.▓.▓.▓.▓∩▓.▓C▓
▓.▓.▓.▓.▓)▓.▓@▓
▓[▓.▓.▓.▓∩▓.▓R▓
▓)▓.▓.▓.▓.▓.▓)▓
▓|▓.▓.▓.▓)▓.▓(▓
▓.▓.▓†▓.▓)▓.▓†▓
▓.▓.▓†▓.▓)▓)▓'▓
▓'▓.▓'▓.▓)▓.▓.▓
▓_▓.▓.▓.▓'▓.▓.▓
▓_▓.▓.▓.▓.▓.▓.▓


You could see 2 frost giants, a rakshasa, a centaur warrior and a deep troll
earth mage.

Vanquished Creatures
  A fire giant (D)
  Harold (D)
  A centaur warrior (D)
  A hydra (D)
  3 orc high priests (D)
  A deep troll earth mage (D)
  6 death yaks (D)
  A hill giant (D)
  4 orc knights (D)
  3 orc sorcerers (D)
  A deep elf mage (D)
  A cyclops (D)
  Maurice (D)
  A black mamba (D)
  A spiny frog (D)
  An efreet (D)
  3 trolls (D)
  3 yaks (D)
  A vampire mosquito (D)
  2 porcupines (D)
  2 water moccasins (D)
  An ice beast (D)
  12 orc warriors (D)
  2 black bears (D)
  An ogre (D)
  A phantom (D)
  A wolf (D)
  4 crocodiles (D)
  2 giant frogs (D)
  A gnoll sergeant (D)
  A crimson imp (D)
  A jelly (D)
  3 orc priests (D)
  2 orc wizards (D)
  An iguana (D)
  2 river rats (D)
  An adder skeleton (D)
  14 orcs (D)
  A ball python (D)
  A bat skeleton (D)
  2 giant cockroaches (D)
  A goblin (D)
  A quokka (D)
  A jackal zombie (D)
  A kobold (D)
  A rat (D)
98 creatures vanquished.

Notes
Turn   | Place    | Note
-------+----------+-------------------------------------------
     0 | D        | Sign the Minotaur Gladiator began the quest for the Orb.
     0 | D        | Reached XP level 1. HP: 18/18 MP: 0/0
     6 | D        | Reached skill level 4 in Long Blades
    14 | D        | Noticed an orc priest
    14 | D        | Noticed a crimson imp
    14 | D        | Noticed a gnoll sergeant
    17 | D        | Reached skill level 5 in Long Blades
    24 | D        | Killed a gnoll sergeant
    24 | D        | Reached skill level 8 in Long Blades
    24 | D        | Reached skill level 5 in Dodging
    24 | D        | Reached XP level 2. HP: 14/27 MP: 1/1
    24 | D        | Reached XP level 3. HP: 17/33 MP: 2/2
    26 | D        | Reached XP level 4. HP: 21/40 MP: 3/3
    29 | D        | Reached skill level 9 in Long Blades
   223 | D        | Found a glowing silver altar of Zin.
   223 | D        | Found a glowing golden altar of the Shining One.
   223 | D        | Found an ancient bone altar of Kikubaaqudgha.
   223 | D        | Found a basalt altar of Yredelemnul.
   223 | D        | Found a shimmering altar of Xom.
   223 | D        | Found a radiant altar of Vehumet.
   224 | D        | Found an iron altar of Okawaru.
   225 | D        | Found a burning altar of Makhleb.
   226 | D        | Found a deep blue altar of Sif Muna.
   227 | D        | Found a bloodstained altar of Trog.
   228 | D        | Found a sparkling altar of Nemelex Xobeh.
   229 | D        | Found a white marble altar of Elyvilon.
   230 | D        | Found a roughly hewn altar of Beogh.
   231 | D        | Found a viscous altar of Jiyva.
   232 | D        | Found a corrupted altar of Lugonu.
   233 | D        | Found a blossoming altar of Fedhas.
   234 | D        | Found a snail-covered altar of Cheibriados.
   235 | D        | Found a shadowy altar of Dithmenos.
   236 | D        | Found a stormy altar of Qazlal.
   237 | D        | Found an opulent altar of Gozag.
   238 | D        | Found a sacrificial altar of Ru.
   239 | D        | Found an oddly glowing altar of Pakellas.
   240 | D        | Found a hide-covered altar of Uskayaw.
   241 | D        | Found a hazy altar of Hepliaklqana.
   242 | D        | Became a worshipper of Cheibriados the Contemplative
   290 | D        | Noticed a black bear
   290 | D        | Noticed a troll
   290 | D        | Noticed a phantom
   290 | D        | Noticed an ice beast
   295 | D        | Killed an ice beast
   295 | D        | Reached skill level 5 in Fighting
   295 | D        | Reached skill level 10 in Long Blades
   295 | D        | Reached XP level 5. HP: 48/48 MP: 3/6
   306 | D        | Killed a troll
   306 | D        | Reached * piety under Cheibriados
   306 | D        | Reached skill level 11 in Long Blades
   306 | D        | Reached XP level 6. HP: 34/58 MP: 4/8
   309 | D        | Reached skill level 10 in Dodging
   309 | D        | Reached skill level 5 in Invocations
   309 | D        | Reached XP level 7. HP: 37/64 MP: 4/9
   312 | D        | Reached ** piety under Cheibriados
   313 | D        | Reached skill level 12 in Long Blades
   446 | D        | Noticed a troll
   446 | D        | Noticed a hill giant
   452 | D        | Killed a hill giant
   452 | D        | Reached *** piety under Cheibriados
   452 | D        | Reached skill level 13 in Long Blades
   452 | D        | Reached skill level 5 in Armour
   452 | D        | Reached XP level 8. HP: 73/73 MP: 11/11
   458 | D        | Killed a troll
   462 | D        | Reached **** piety under Cheibriados
   687 | D        | Noticed a spiny frog
   690 | D        | Killed a spiny frog
   690 | D        | Reached ***** piety under Cheibriados
   693 | D        | Reached skill level 14 in Long Blades
   694 | D        | Reached XP level 9. HP: 82/82 MP: 7/14
   710 | D        | Noticed a black mamba
   713 | D        | Killed a black mamba
   716 | D        | Reached ****** piety under Cheibriados
   733 | D        | Noticed a death yak
   733 | D        | Noticed a death yak
   733 | D        | Noticed a death yak
   733 | D        | Noticed a death yak
   736 | D        | Noticed a death yak
   738 | D        | Killed a death yak
   738 | D        | Reached skill level 15 in Long Blades
   738 | D        | Reached skill level 10 in Fighting
   738 | D        | Reached XP level 10. HP: 93/93 MP: 9/16
   739 | D        | Noticed a death yak
   741 | D        | Killed a death yak
   741 | D        | Reached skill level 10 in Armour
   741 | D        | Reached skill level 10 in Invocations
   743 | D        | Killed a death yak
   744 | D        | Killed a death yak
   744 | D        | Reached skill level 16 in Long Blades
   746 | D        | Killed a death yak
   749 | D        | Killed a death yak
   895 | D        | Noticed Maurice
   901 | D        | Killed Maurice
   998 | D        | Reached XP level 11. HP: 101/102 MP: 18/18
  1034 | D        | Noticed an orc knight
  1039 | D        | Noticed an orc knight
  1043 | D        | Killed an orc knight
  1043 | D        | Reached skill level 17 in Long Blades
  1048 | D        | Killed an orc knight
  1048 | D        | Reached skill level 15 in Dodging
  1213 | D        | Found Juaphac's Antique Weapon Boutique.
  1213 | D        | Noticed an orc high priest
  1213 | D        | Noticed an orc high priest
  1213 | D        | Noticed an orc high priest
  1216 | D        | Noticed a soul eater
  1216 | D        | Killed an orc high priest
  1217 | D        | Found Dempocso's Assorted Antiques.
  1219 | D        | Killed an orc high priest
  1223 | D        | Killed an orc high priest
  1225 | D        | Noticed an orc knight
  1225 | D        | Found Vyocem's Food Boutique.
  1226 | D        | Noticed an orc sorcerer
  1226 | D        | Found Paeclihu's Magic Scroll Shop.
  1228 | D        | Noticed an orc sorcerer
  1230 | D        | Killed an orc knight
  1232 | D        | Noticed an orc sorcerer
  1232 | D        | Killed an orc sorcerer
  1237 | D        | Killed an orc sorcerer
  1238 | D        | Noticed an orc knight
  1241 | D        | Killed an orc sorcerer
  1247 | D        | Killed an orc knight
  1401 | D        | Bought a shiny fire dragon armour for 1860 gold pieces
  1453 | D        | Noticed Harold
  1462 | D        | Killed Harold
  1462 | D        | Reached skill level 18 in Long Blades
  1543 | D        | Got the +5 falchion "Ociblal" {drain, Int+3}
  1609 | D        | Noticed a centaur warrior
  1609 | D        | Noticed a deep elf mage
  1609 | D        | Noticed a five-headed hydra
  1613 | D        | Killed a six-headed hydra
  1613 | D        | Reached skill level 15 in Invocations
  1620 | D        | Killed a centaur warrior
  1620 | D        | Reached XP level 12. HP: 93/115 MP: 17/22
  1621 | D        | Noticed a deep troll earth mage
  1623 | D        | Noticed a fire giant
  1627 | D        | Noticed a rakshasa
  1627 | D        | Noticed a frost giant
  1629 | D        | Killed a deep troll earth mage
  1630 | D        | Noticed a frost giant
  1635 | D        | Killed a fire giant
  1640 | D        | Noticed a deep troll earth mage
  1642 | D        | Noticed a centaur warrior
  1642 | D        | HP: 5/116 [frost giant/battleaxe of freezing (26)]
  1642 | D        | Slain by a frost giant

Vault maps used:
D:        linesprint

Skill      XL: |  1  2  3  4  5  6  7  8  9 10 11 12 |
---------------+-------------------------------------+-----
Long Blades    | 8 10 11 13 14 15 16 18 | 18.7
Fighting       | 3 4 5 6 7 8 10 11 13 | 13.7
Dodging        | 5 6 8 9 10 11 12 13 14 15 | 15.8
Invocations    | 3 4 5 6 8 9 11 15 16 | 16.4
Armour         | 2 3 5 6 9 11 12 | 12.5
Throwing       | |  2.0

Action                   |  1- 3 |  4- 6 |  7- 9 | 10-12 || total
-------------------------+-------+-------+-------+-------++-------
Melee: Long sword        |    16 |     4 |       |       ||    20
       Headbutt          |     2 |     3 |    28 |    57 ||    90
       Scimitar          |       |    23 |    60 |    79 ||   162
       Falchion          |       |       |       |    31 ||    31
Invok: Slouch            |       |       |     2 |    13 ||    15
  Use: Potion            |     1 |     1 |       |       ||     2
 Stab: Sleeping          |       |       |       |     1 ||     1
  Eat: Bread ration      |       |       |       |     1 ||     1
Armor: Leather armour    |     5 |       |       |       ||     5
       Scale mail        |       |     6 |     7 |     5 ||    18
       Shadow dragon arm |       |       |       |     2 ||     2
Dodge: Dodged            |    11 |    22 |    41 |    77 ||   151
